 Dungeon Crawl Stone Soup version 0.29.0-4-gdea44cf6ec (webtiles) character file.

Game seed: 1817674402356301859

114 qw the Sneak (level 4, -5/28 HPs)
             Began as a Gargoyle Delver on Sept 10, 2022.
             Killed from afar by a white imp (11 damage)
             ... with a puff of frost
             ... summoned by Natasha
             ... on level 2 of the Dungeon.
             The game lasted 00:00:50 (2569 turns).

qw the Sneak (Gargoyle Delver)                      Turns: 2569, Time: 00:00:50

Health: -5/28      AC: 11    Str: 17    XL:     4   Next: 97%
Magic:  4/4        EV:  7    Int: 11    God:
Gold:   145        SH:  0    Dex: 11    Spells: 3/3 levels left

rFire   . . .      SeeInvis .   Y - +0 hand axe
rCold   . . .      Faith    .   (no shield)
rNeg    + . .      Spirit   .   d - +0 chain mail
rPois   inf        Reflect  .   (no helmet)
rElec   +          Harm     .   (no cloak)
rCorr   .          Rampage  .   (no gloves)
Will    .....                   (no boots)
Stlth   ..........              (no amulet)
HPRegen 0.09/turn               (no ring)
MPRegen 0.09/turn               (no ring)

@: no status effects
A: sickness immunity, AC +3, negative energy resistance 1, electricity
resistance, torment resistance 1, petrification resistance
a: no special abilities


You were on level 2 of the Dungeon.
You visited 1 branch of the dungeon, and saw 5 of its levels.

You collected 145 gold pieces.


Innate Abilities, Weirdness & Mutations

You are immune to sickness and miasma.
Your stone body is resilient. (AC +3)
You are immune to poison.
You resist negative energy. (rN+)
You are resistant to electric shocks. (rElec)
You are resistant to unholy torment.
You are immune to petrification.


   Skills:
 - Level 3.2 Fighting
 - Level 4.0 Axes
 - Level 1.2 Throwing
 + Level 1.0 Armour
 - Level 1.5 Dodging
 - Level 5.4 Stealth


You had 3 spell levels left.
You didn't know any spells.
Your spell library was empty.

Inventory:

Hand Weapons
 a - a +0 flail
 Y - a +0 hand axe (weapon)
Missiles
 l - a javelin (quivered)
Armour
 d - a +0 chain mail (worn)
Wands
 g - a wand of digging (3)
Scrolls
 i - a scroll of blinking {unknown}
Potions
 b - a potion of invisibility {unknown}
 c - a potion of attraction {unknown}
 e - a potion of brilliance {unknown}
 f - a potion of haste
 h - 2 potions of curing
 j - a potion of heal wounds {unknown}
 k - a potion of mutation {unknown}

Dungeon Overview and Level Annotations

Branches:
Dungeon (5/15)
 Temple: D:4-7

Altars:

Annotations:
D:2 Natasha


Message History

You barely miss Jessica.
Jessica is severely wounded.
You closely miss Natasha. Jessica hits you but does no damage.
Natasha casts a spell.
Jessica completely misses you. Natasha claws you but does no damage.
You completely miss Jessica.
Jessica is severely wounded.
You barely miss Natasha. Jessica hits you but does no damage.
Natasha claws you but does no damage.
You hit Jessica but do no damage.
Jessica is severely wounded.
You hit the white imp but do no damage. You closely miss Natasha.
Jessica hits you with a +0 club. Jessica barely misses you.
Natasha barely misses you.
The white imp lashes its tail.
The white imp hits you but does no damage.
You hit Jessica.
Jessica is almost dead.
You hit the white imp. You barely miss Natasha. Jessica barely misses you.
The white imp closely misses you. Natasha claws you but does no damage.
Jessica barely misses you.
You hit Jessica.
You kill Jessica!
You hit the white imp but do no damage. You hit Natasha but do no damage.
The white imp hits you but does no damage.
Natasha barely misses you.
Your Throwing skill increases to level 1!
You barely miss Natasha.
Natasha is lightly wounded.
You hit the white imp but do no damage. The white imp gestures at you.
The puff of frost hits you but does no damage.
Natasha closely misses you.
You slash Natasha!
Natasha is heavily wounded.
You hit the white imp but do no damage. The white imp gestures at you.
The puff of frost hits you!
You die...

#.##### #.. ###. #.#
#.....# ##.###.#.### #..
..###.# #... ...... #.#
### #.# #..# #...# # #..
# #.# #..# #...####.#
#.# # #.# #..###........
# # #.####..#.......# #
#...........5h..#
#####.......#...@)..#
.......###.####.....>...
######## #..............
###############


You could see Natasha and a white imp (summoned).

Vanquished Creatures
  Jessica (D:2)
  Terence (D:1)
  3 adders (D:2)
  2 dart slugs
  2 bats
  2 endoplasms (D:1)
  A giant cockroach (D:1)
  A goblin (D:2)
  3 hobgoblins
  3 jackals (D:2)
  8 ball pythons
  3 frilled lizards
  2 kobolds (D:1)
  4 rats
36 creatures vanquished.

Notes
Turn   | Place    | Note
-------+----------+-------------------------------------------
     0 | D:5      | qw the Gargoyle Delver began the quest for the Orb.
     0 | D:5      | Reached XP level 1. HP: 14/14 MP: 1/1
     0 | D:5      | 0 ||| qw: Version: 0.1-a-117-gfe26ee0
     0 | D:5      | 0 ||| qw: Game counter: 9744
     0 | D:5      | 0 ||| qw: Always use a shield: true
     0 | D:5      | 0 ||| qw: God list: Okawaru
     0 | D:5      | 0 ||| qw: Allow faded altars: false
     0 | D:5      | 0 ||| qw: Do Orc after D:15 true
     0 | D:5      | 0 ||| qw: Do second Lair branch before Depths: true
     0 | D:5      | 0 ||| qw: Lair rune preference: random
     0 | D:5      | 0 ||| qw: Plans: Normal
     0 | D:5      | 0 ||| PLANNING D:1-11
    61 | D:5      | 61 ||| DROPPING scroll of fog.
    62 | D:5      | 62 ||| DROPPING scroll of magic mapping.
    63 | D:5      | 63 ||| DROPPING scroll of fear.
    97 | D:3      | 97 ||| FLEEEEING.
    98 | D:3      | 98 ||| STAIRDANCE
   215 | D:2      | 215 ||| Stepping ~*~*~tactically~*~*~ (hiding).
   251 | D:2      | HP: 3/14 [adder (1)]
   253 | D:2      | Reached XP level 2. HP: 4/19 MP: 2/2
   518 | D:2      | 518 ||| Stepping ~*~*~tactically~*~*~ (stealth).
   519 | D:2      | 519 ||| Stepping ~*~*~tactically~*~*~ (stealth).
   524 | D:2      | 524 ||| Stepping ~*~*~tactically~*~*~ (stealth).
   532 | D:2      | 532 ||| Stepping ~*~*~tactically~*~*~ (stealth).
   533 | D:2      | 533 ||| Stepping ~*~*~tactically~*~*~ (stealth).
   534 | D:2      | 534 ||| Stepping ~*~*~tactically~*~*~ (stealth).
   579 | D:2      | 579 ||| Stepping ~*~*~tactically~*~*~ (stealth).
   580 | D:2      | 580 ||| UPGRADING to +0 ring mail.
   710 | D:2      | 710 ||| DROPPING +0 leather armour.
   711 | D:2      | 711 ||| UPGRADING to +0 chain mail.
   721 | D:2      | 721 ||| DROPPING +0 ring mail.
   850 | D:1      | Reached XP level 3. HP: 23/23 MP: 3/3
   942 | D:1      | Reached skill level 1 in Armour
   968 | D:1      | Reached skill level 3 in Axes
  1500 | D:1      | 1500 ||| Stepping ~*~*~tactically~*~*~ (hiding).
  1740 | D:1      | 1740 ||| READING scroll labelled GAIRIJ CENUSA.
  1741 | D:1      | 1741 ||| DRINKING 3 clear potions.
  1778 | D:2      | Noticed Terence
  1779 | D:2      | 1779 ||| STAIRDANCE
  1786 | D:1      | HP: 2/23 [Terence/+0 flail (6)]
  1789 | D:1      | Killed Terence
  1790 | D:1      | Reached XP level 4. HP: 3/28 MP: 4/4
  2553 | D:2      | Noticed Jessica
  2556 | D:2      | Noticed Natasha
  2565 | D:2      | HP: 5/28 [Jessica/+0 club (6)]
  2567 | D:2      | Killed Jessica
  2568 | D:2      | Reached skill level 1 in Throwing
  2569 | D:2      | Killed from afar by a white imp

Levels and vault maps discovered:
D:1:      nzn_arrival_depleted_hourglass, layout_basic, kennysheep_small_spiral
D:2:      layout_loops_ring, minmay_circle_x, uniq_terence, uniq_natasha,
          uniq_jessica
D:3:      layout_basic, ebering_ecumenical_altar_box, kennysheep_generic_room_11
D:4:      kennysheep_goblin_castle, layout_loops_cross,
          minmay_temple_entry_waves
D:5:      layout_basic, lemuel_round_altar, chequers_mini_garden

Skill      XL: |  1  2  3  4 |
---------------+-------------+-----
Axes           | 2 3 4 |  4.0
Armour         | 1 |  1.0
Throwing       | 1 |  1.2
Fighting       | |  3.2
Dodging        | |  1.5
Stealth        | |  5.4

Action                   |  1- 3 |  4- 6 || total
-------------------------+-------+-------++-------
Melee: Hand axe          |    99 |    61 ||   160
       Punch             |     1 |       ||     1
Throw: Javelin           |     2 |     1 ||     3
  Use: Scroll            |     1 |       ||     1
       Potion            |     1 |       ||     1
Armor: Leather armour    |    13 |       ||    13
       Chain mail        |    38 |    44 ||    82
       Ring mail         |     5 |       ||     5
       Skin              |     2 |       ||     2
Dodge: Dodged            |    49 |    28 ||    77

Table legend:
 A = Non-vault XP
 B = Vault XP
 C = Vault XP percentage of total XP
 D = Non-vault monster count
 E = Vault monster count
 F = Vault count percentage of total count
                 A         B        C        D         E       F
            +---------+---------+-------+---------+---------+-------
      Total |      72 |      91 |  55.8 |      31 |       5 |  13.9
            +---------+---------+-------+---------+---------+-------
        D:1 |      25 |      36 |  59.0 |      16 |       1 |   5.9
        D:2 |      47 |      55 |  53.9 |      15 |       4 |  21.1
            +---------+---------+-------+---------+---------+-------
